 Dungeon Crawl Stone Soup version 0.14-a0-1570-g671a4b6 (webtiles) character file.

10821 PolkaDot the Slicer (level 11, -5/72 (82) HPs)
             Began as a Vampire Death Knight on Dec 20, 2013.
             Was a Priest of Yredelemnul.
             Slain by a blink frog (6 damage)
             ... on Level 2 of the Lair of Beasts.
             The game lasted 00:57:03 (11926 turns).

PolkaDot the Slicer (Vampire Death Knight)         Turns: 11926, Time: 00:57:05

HP  -5/72 (82)   AC 10     Str 12      XL: 11   Next: 31%
MP  21/23        EV 17     Int 17      God: Yredelemnul [***...]
Gold 723         SH  0     Dex 19      Spells:  0 memorised, 10 levels left

rFire  . . .     SeeInvis +     d - +3,+2 orc short sword (elec)
rCold  . . .     Clarity  .     k - +2 orc leather armour {rPois}
rNeg   + . .     Conserve .     (no shield)
rPois  +         rCorr    +     (no helmet)
rElec  .         rRot     .     t - +0 cloak
SustAb . .       Spirit   .     B - +2 pair of dwarf gloves {Dex+3}
rMut   .         Warding  .     (no boots)
Saprov . . .     Stasis   .     u - amulet of resist corrosion
                                e - +4 ring of intelligence
                                w - ring of protection from magic

@: quite resistant to hostile enchantments, unstealthy
A: bottle blood, fangs 3, see invisible, unbreathing
a: Bat Form, Bottle Blood, Animate Dead, Recall Undead Slaves, Injury Mirror,
Renounce Religion


You were on level 2 of the Lair of Beasts.
You worshipped Yredelemnul.
Yredelemnul was most pleased with you.
You were not thirsty.

You visited 2 branches of the dungeon, and saw 12 of its levels.
You also visited: Labyrinth.

You collected 723 gold pieces.

Inventory:

Hand weapons
 d - a +3,+2 orcish short sword of electrocution (weapon)
Armour
 k - a +2 orcish leather armour of poison resistance (worn)
 t - a +0 cloak (worn)
 B - a +2 pair of dwarven gloves of dexterity (worn)
Magical devices
 f - a wand of digging (7)
 j - a wand of slowing (12)
 v - a wand of hasting (6)
Scrolls
 c - 5 scrolls of remove curse
 i - 4 scrolls of magic mapping
 l - 3 scrolls of identify
 m - a scroll of fog
 n - 2 scrolls of blinking
 o - a scroll of enchant weapon I
 x - a scroll of recharging
 E - a scroll of teleportation
Jewellery
 e - a +4 ring of intelligence (right hand)
 u - an amulet of resist corrosion (around neck)
 w - a ring of protection from magic (left hand)
Potions
 a - 4 potions of restore abilities
 b - 2 potions of berserk rage
 g - 2 potions of magic
 p - a potion of speed
 q - a potion of mutation {!q}
 z - 2 potions of flight
 C - a potion of brilliance
Books
 h - a book of Wizardry

   Spells                             Type                      Level
   Summon Elemental                   Summoning                    4
   Agony                              Necromancy                   5
   Force Lance                        Conjuration                  5
   Fireball                           Conjuration/Fire             5
   Haste                              Charms                       6
   Invisibility                       Hexes                        6
Rods
 r - a +5 rod of destruction (9/9)
   (You found it in a labyrinth)
 s - a +5 rod of inaccuracy (10/10)
   (You found it in a labyrinth)


   Skills:
 * Level 6.3 Fighting
 - Level 11.0 Short Blades
 - Level 6.0 Armour
 + Level 7.3 Dodging
 + Level 8.7 Invocations


You had 10 spell levels left.
You didn't know any spells.

Dungeon Overview and Level Annotations

Branches:
Dungeon (10/16)            Temple (0/1) D:5            Lair (2/8) D:8
    Orc: D:9-12

Altars:
Elyvilon
Kikubaaqudgha
Okawaru
Vehumet
Xom
Jiyva


Innate Abilities, Weirdness & Mutations

You can bottle blood from corpses.
You have razor-sharp teeth.*
You have supernaturally acute eyesight.
You can survive without breathing.*


Message History

The blink frog is lightly wounded.
You hit the blink frog.
Your bite passes through the blink frog as it momentarily phases out.
The blink frog is moderately wounded.
The blink frog closely misses you.
You miss the blink frog.
The blink frog is moderately wounded.
The blink frog hits you!
* * * LOW HITPOINT WARNING * * *
You miss the blink frog.
The blink frog is moderately wounded.
The blink frog blinks!
The blink frog closely misses you.
Use which ability? (? or * to list)
You call on the dead to rise...
The dead are hopping!
You feel somewhat more thirsty. The blink frog hits you!
* * * LOW HITPOINT WARNING * * *
The blink frog hits you but does no damage.
The blink frog hits you.
You die...
Yredelemnul claims you as an undead slave.

.....# #...#*####.##
#....## ##..## ##..#
.....f# ### #....###f.##
....f#######.# ###...##..#
.......#.##..## #..##f.<#
#....#.##.....#####...#..##
#....###......##.##......##
#.#..........#.#.#.z§.....#
#...............@FF.....###
##..#..#...###.#PF......###
### #...########
##...........###.## #...#
#...........##..#.# ..###
##................## ...#
#.................# .###
#.................# ..#
###.............### .###
#### ##..........###


You could see 3 blink frogs and a friendly blink frog zombie.

Vanquished Creatures
  A minotaur (Lab)
  A hydra (Lair:1)
  An unseen horror (D:9)
  Maurice (D:8)
  A black mamba (Lair:2)
  A spiny frog (Lair:1)
  Grinder (D:4)
  2 blink frogs (Lair:2)
  Prince Ribbit (D:8)
  2 sharks (Lair:2)
  A steam dragon (D:8)
  Eustachio (D:6)
  A hungry ghost (D:8)
  A hippogriff (Lair:2)
  A spriggan skeleton (D:9)
  Menkaure (D:4)
  2 necrophages
  3 orc warriors
  5 centaurs
  2 giant goldfish (Lair:2)
  An ice beast (D:8)
  A sky beast (D:7)
  6 ogres
  3 crocodiles
  A giant slug (Lair:1)
  A gnoll sergeant (D:8)
  Blork the orc (D:8)
  3 water moccasins
  A big kobold (D:9)
  6 giant frogs
  5 wights (D:9)
  4 killer bees (D:7)
  An electric eel (Lair:2)
  4 jellyfish (Lair:2)
  A troll skeleton (D:9)
  2 crimson imps (D:5)
  5 hounds
  2 centaur skeletons
  5 iguanas
  2 goliath beetles
  2 orc priests (D:6)
  2 scorpions
  A gnoll shaman (D:8)
  8 worker ants
  An ogre zombie (D:6)
  Jessica (D:2)
  An ogre skeleton (D:9)
  A hound zombie (D:6)
  Terence (D:3)
  A mummy (D:3)
  2 orc wizards
  13 gnolls
  17 green rats
  12 adders
  A shadow imp (D:9)
  3 giant mites
  An inept feature mimic (D:3)
  5 worms
  2 oozes
  21 orcs
  10 giant cockroaches
  11 goblins
  14 hobgoblins
  10 jackals
  9 kobolds
  3 quokkas (Lair:1)
  4 training dummies (D:4)
  A ball python (D:4)
  17 bats
  6 giant geckos
  5 giant newts
  A hobgoblin skeleton (D:6)
  An orc skeleton (D:7)
  13 rats
  A plant (Lair:2)
287 creatures vanquished.

Vanquished Creatures (collateral kills)
  2 hippogriffs (Lair:1)
  A necrophage (D:8)
  An ice beast (D:8)
  An ogre (D:9)
  A centaur (Lair:1)
  A giant frog (Lair:1)
  2 jellies (D:9)
  A giant frog zombie (D:9)
  A big kobold zombie (D:8)
  An ogre skeleton (D:9)
  3 gnolls (D:8)
  3 green rats (Lair:1)
  2 oozes (D:9)
  2 bats
  A bat zombie (D:8)
  A goblin (D:2)
  A kobold (D:9)
  2 rats (Lair:1)
27 creatures vanquished.

Vanquished Creatures (others)
  A giant goldfish zombie (Lair:2)
  A giant frog skeleton (Lair:1)
  A big kobold zombie (D:9)
  A hound zombie (Lair:2)
  A necrophage skeleton (D:9)
  A hound skeleton (Lair:1)
  A mummy (D:9)
  2 worker ant zombies
  An iguana skeleton (Lair:1)
  An electric eel skeleton (Lair:2)
  A gnoll zombie (D:8)
  A giant cockroach zombie (D:2)
  6 green rat zombies (Lair:1)
  A hobgoblin skeleton (D:9)
  A hobgoblin zombie (D:9)
  2 kobold zombies (D:9)
  An orc zombie (D:4)
  A quokka skeleton (Lair:1)
  A rat skeleton (Lair:1)
  A rat zombie (D:9)
27 creatures vanquished.

Grand Total: 341 creatures vanquished

Notes
Turn   | Place    | Note
--------------------------------------------------------------
     0 | D:1      | PolkaDot, the Vampire Death Knight, began the quest for the Orb.
     0 | D:1      | Reached XP level 1. HP: 16/16 MP: 1/1
    70 | D:1      | Reached XP level 2. HP: 11/22 MP: 2/2
   109 | D:1      | Reached skill level 3 in Short Blades
   275 | D:1      | Acquired Yredelemnul's second power
   317 | D:1      | Reached XP level 3. HP: 24/27 MP: 4/4
   984 | D:2      | Reached skill level 4 in Short Blades
  1026 | D:2      | Noticed Jessica
  1070 | D:2      | Reached XP level 4. HP: 8/34 MP: 5/5
  1083 | D:2      | Killed Jessica
  1576 | D:3      | Found an ancient bone altar of Kikubaaqudgha.
  1576 | D:3      | Found a shimmering altar of Xom.
  1576 | D:3      | Found a white marble altar of Elyvilon.
  1654 | D:3      | Noticed Terence
  1661 | D:3      | Killed Terence
  1661 | D:3      | Reached XP level 5. HP: 10/41 MP: 6/6
  1842 | D:3      | Reached skill level 5 in Short Blades
  2247 | D:4      | Noticed a centaur
  2255 | D:4      | Killed a centaur
  2255 | D:4      | Reached XP level 6. HP: 20/47 MP: 6/8
  2262 | D:4      | Reached skill level 6 in Short Blades
  2527 | D:4      | Noticed Menkaure
  2530 | D:4      | Killed Menkaure
  2589 | D:4      | Noticed Grinder
  2605 | D:4      | Killed Grinder
  2605 | D:4      | Reached skill level 7 in Short Blades
  2605 | D:4      | Reached XP level 7. HP: 4/55 MP: 9/9
  2893 | D:4      | Found an iron altar of Okawaru.
  2937 | D:4      | Noticed an ogre
  2949 | D:4      | Killed an ogre
  2949 | D:4      | Reached skill level 8 in Short Blades
  3320 | D:5      | Entered Level 5 of the Dungeon
  3414 | D:5      | Found a staircase to the Ecumenical Temple.
  3418 | D:5      | Reached skill level 5 in Fighting
  3424 | D:5      | Reached XP level 8. HP: 62/62 MP: 10/10
  3920 | D:6      | Reached skill level 9 in Short Blades
  3975 | D:6      | Acquired Yredelemnul's third power
  4021 | D:6      | Reached skill level 1 in Armour
  4250 | D:6      | Noticed Eustachio
  4257 | D:6      | Killed Eustachio
  4392 | D:6      | Reached skill level 10 in Short Blades
  4965 | D:7      | Reached XP level 9. HP: 48/68 MP: 12/12
  4986 | D:7      | Received a gift from Yredelemnul
  5400 | D:8      | Reached skill level 11 in Short Blades
  5468 | D:8      | Noticed Blork the orc
  5478 | D:8      | Killed Blork the orc
  5739 | D:8      | Noticed Prince Ribbit
  5749 | D:8      | Killed Prince Ribbit
  5825 | D:8      | Noticed Maurice
  5832 | D:8      | Killed Maurice
  5882 | D:8      | Acquired Yredelemnul's fourth power
  5926 | D:8      | Reached skill level 5 in Invocations
  6013 | D:8      | Found a staircase to the Lair.
  6385 | D:8      | Reached XP level 10. HP: 61/64 MP: 18/18
  6668 | D:9      | Found a viscous altar of Jiyva.
  6816 | D:9      | Received a gift from Yredelemnul
  7397 | D:9      | Noticed an unseen horror
  7425 | D:9      | Killed an unseen horror
  7425 | D:9      | Reached skill level 5 in Armour
  7425 | D:9      | Reached skill level 5 in Dodging
  7428 | D:9      | HP: 1/64 [ogre skeleton[a shadow imp] (4)]
  7771 | D:10     | Entered Level 10 of the Dungeon
  7836 | Lair:1   | Entered Level 1 of the Lair of Beasts
  7981 | Lair:1   | Noticed an eight-headed hydra
  7993 | Lair:1   | Killed an eight-headed hydra
  8759 | Lair:1   | Found a radiant altar of Vehumet.
  8785 | Lair:1   | HP: 2/64 [centaur/arrow of frost (10)]
  9642 | Lair:2   | Found a labyrinth entrance.
  9653 | Lab      | Entered a labyrinth
 10465 | Lab      | Noticed a minotaur
 10473 | Lab      | Killed a minotaur
 10473 | Lab      | Reached XP level 11. HP: 62/70 MP: 21/23
 10527 | Lab      | Identified a +5 rod of destruction (9/9) (You found it in a labyrinth)
 10528 | Lab      | Identified a +5 rod of inaccuracy (10/10) (You found it in a labyrinth)
 10529 | Lab      | Identified a +0 rod of striking (8/8) (You found it in a labyrinth)
 10597 | Lair:2   | Noticed a black mamba
 10623 | Lair:2   | Killed a black mamba
 11926 | Lair:2   | HP: 1/72 [blink frog (16)]
 11926 | Lair:2   | Slain by a blink frog

Action                   |  1- 3 |  4- 6 |  7- 9 | 10-12 || total
-------------------------+-------+-------+-------+-------++-------
Melee: Short sword       |    28 |    68 |   400 |   412 ||   908
       Dagger            |   204 |    68 |       |       ||   272
Invok: Animate Remains   |     2 |     3 |     2 |       ||     7
       Injury Mirror     |       |     3 |       |     1 ||     4
       Animate Dead      |       |       |    13 |    21 ||    34
       Drain Life        |       |       |       |     3 ||     3
       Recall Undead Sla |       |       |       |     2 ||     2
 Abil: Bottle Blood      |       |       |     8 |       ||     8
Evoke: Wand              |       |       |     9 |    11 ||    20
  Use: Potion            |     1 |     5 |    15 |     1 ||    22
       Scroll            |       |     3 |    18 |    14 ||    35
 Stab: Sleeping          |     1 |       |       |       ||     1
       Invisible         |       |     1 |       |       ||     1
